SL
DETROIT ELITE @ MISSISSIPPI MOCKINGBIRDS
09/30/2042
 
TOP OF THE 1ST
Detroit Elite batting - Pitching for Mississippi Mockingbirds : RHP Ernesto López
Pitching: RHP Ernesto López
Batting: RHB Dejmi Dumervil 0-0: Foul Ball, location: 2F
0-1: Ball
1-1: Swinging Strike
1-2: Ball
2-2: SINGLE (Groundball, 4MD, EV 106.2 MPH)
Batting: RHB Manuel Ramos 0-0: Called Strike
0-1: SINGLE (Groundball, 15S, EV 70.0 MPH) (infield hit)
Dejmi Dumervil to second
Batting: RHB Amon-Ra St. Brown 0-0: Ball
1-0: Ball
2-0: Fly out, F9 (Flyball, 9LS, EV 80.0 MPH)
Batting: LHB Jack McCusker 0-0: Ball
1-0: Swinging Strike
1-1: Called Strike
1-2: SINGLE (Groundball, 4D, EV 98.1 MPH)
Dejmi Dumervil to third
Manuel Ramos to second
Runner from 3rd tries for Home, SAFE, no throw by RF
Batting: RHB Daryl Yandell 0-0: Swinging Strike
0-1: Ball
1-1: Foul Ball, location: 2F
1-2: Strikes out swinging
Batting: LHB Ashley Thachi 0-0: Called Strike
0-1: Ball
1-1: Ball
2-1: Foul Ball, location: 2F
2-2: Ground out U3 (Groundball, 34S, EV 82.5 MPH)
Top of the 1st over - 1 run, 3 hits, 0 errors, 2 left on base; Detroit 1 - Mississippi 0
BOTTOM OF THE 1ST
Mississippi Mockingbirds batting - Pitching for Detroit Elite : RHP Carl MacPherson
Pitching: RHP Carl MacPherson
Batting: LHB Jesús Lazcano 0-0: Ball
1-0: Foul Ball, location: 2F
1-1: Foul Ball, location: 2F
1-2: Foul Ball, location: 2F
1-2: Strikes out swinging
Batting: RHB Yong-hong Ren 0-0: Ball
1-0: Foul Ball, location: 2F
1-1: SINGLE (Flyball, 89S, EV 93.8 MPH)
Batting: LHB Rylen Roersma 0-0: Fly out, F5 (Line Drive, 5, EV 68.1 MPH)
Batting: RHB Doug Allerdale 0-0: Ground out U3 (Groundball, 3S, EV 60.6 MPH)
Bottom of the 1st over - 0 runs, 1 hit, 0 errors, 1 left on base; Detroit 1 - Mississippi 0
TOP OF THE 2ND
Detroit Elite batting - Pitching for Mississippi Mockingbirds : RHP Ernesto López
Batting: RHB Juan Amengual 0-0: Ball
1-0: Foul Ball, location: 2F
1-1: Ball
2-1: Ball
3-1: Foul Ball, location: 2F
3-2: Base on Balls
Batting: LHB Murray Sperber 0-0: Ball
1-0: Fielders Choice at 2nd, 6-4 (Groundball, 6, EV 104.4 MPH)
Batting: RHB Víctor Cuevas 0-0: Ball
1-0: Foul Ball, location: 2F
1-1: Ball
2-1: Grounds into double play, 4-6-3 (Groundball, 4, EV 91.9 MPH)
Top of the 2nd over - 0 runs, 0 hits, 0 errors, 0 left on base; Detroit 1 - Mississippi 0
BOTTOM OF THE 2ND
Mississippi Mockingbirds batting - Pitching for Detroit Elite : RHP Carl MacPherson
Batting: RHB Júlio Coronado 0-0: Called Strike
0-1: Foul Ball, location: 2F
0-2: SOLO HOME RUN (Flyball, 89XD, EV 100.6 MPH), Distance : 377 ft
Batting: LHB Seb Blanch 0-0: Ball
1-0: Called Strike
1-1: Fly out, F8 (Line Drive, 8RM, EV 92.5 MPH)
Batting: SHB Jorge Indiano 0-0: Ball
1-0: Ball
2-0: SINGLE (Groundball, 4MD, EV 106.9 MPH)
Batting: LHB Wu-shun Chu 0-0: Ball
1-0: Ball
2-0: Foul Ball, location: 2F
2-1: Swinging Strike
2-2: Fly out, F8 (Flyball, 8LD, EV 88.1 MPH)
Batting: RHB Jorge Muńóz 0-0: Called Strike
0-1: Foul Ball, location: 2F
0-2: SINGLE (Groundball, 3D, EV 103.8 MPH)
Jorge Indiano to second
Runner from 2nd tries for 3rd, SAFE, no throw by RF
Pinch Runner at 3rd Dean Shamakani:
Batting: LHB Jesús Lazcano 0-0: Ball
1-0: Ball
2-0: Swinging Strike
2-1: Fly out, F5 (Popup, 5S, EV 76.2 MPH)
Bottom of the 2nd over - 1 run, 3 hits, 0 errors, 2 left on base; Detroit 1 - Mississippi 1
TOP OF THE 3RD
Detroit Elite batting - Pitching for Mississippi Mockingbirds : RHP Ernesto López
Now in RF: Joël Pesci
Batting: RHB Dejmi Dumervil 0-0: SINGLE (Groundball, 4MD, EV 101.9 MPH)
Batting: RHB Manuel Ramos 0-0: Ball
1-0: Swinging Strike
1-1: Ball
2-1: Fly out, F7 (Flyball, 7D, EV 103.1 MPH)
Batting: RHB Amon-Ra St. Brown 0-0: Called Strike
0-1: SINGLE (Groundball, 6D, EV 96.2 MPH)
Dejmi Dumervil to second
Runner from 2nd tries for 3rd, SAFE, throw by CF made to third
Batting: LHB Jack McCusker 0-0: Called Strike
0-1: Foul Ball, location: 2F
0-2: Strikes out swinging
Batting: RHB Daryl Yandell 0-0: Ball
1-0: Fly out, F6 (Popup, 6MD, EV 70.6 MPH)
Top of the 3rd over - 0 runs, 2 hits, 0 errors, 2 left on base; Detroit 1 - Mississippi 1
BOTTOM OF THE 3RD
Mississippi Mockingbirds batting - Pitching for Detroit Elite : RHP Carl MacPherson
Batting: RHB Yong-hong Ren 0-0: Fly out, F7 (Flyball, 78XD, EV 103.8 MPH)
Batting: LHB Rylen Roersma 0-0: DOUBLE (Line Drive, 7LM, EV 105.6 MPH)
Batting: RHB Doug Allerdale 0-0: Ball
1-0: Foul Ball, location: 2F
1-1: Ground out 2-3 (Groundball, 15S, EV 71.2 MPH)
Rylen Roersma to third
Batting: RHB Júlio Coronado 0-0: Called Strike
0-1: Ball
1-1: Ground out 6-3 (Groundball, 6, EV 101.2 MPH)
Bottom of the 3rd over - 0 runs, 1 hit, 0 errors, 1 left on base; Detroit 1 - Mississippi 1
TOP OF THE 4TH
Detroit Elite batting - Pitching for Mississippi Mockingbirds : RHP Ernesto López
Batting: LHB Ashley Thachi 0-0: Ball
1-0: Ball
2-0: Called Strike
2-1: Ball
3-1: Base on Balls
Batting: RHB Juan Amengual 0-0: Foul Ball, location: 2F
0-1: Ball
1-1: Ball
2-1: Called Strike
2-2: Strikes out swinging
Batting: LHB Murray Sperber 0-0: Ball
1-0: SINGLE (Line Drive, 78S, EV 88.8 MPH)
Ashley Thachi to second
Batting: RHB Víctor Cuevas 0-0: Swinging Strike
0-1: Swinging Strike
0-2: Strikes out swinging
Batting: RHB Dejmi Dumervil 0-0: Called Strike
0-1: Ball
1-1: Fielders Choice at 2nd, 6-4 (Groundball, 6, EV 93.1 MPH)
Top of the 4th over - 0 runs, 1 hit, 0 errors, 2 left on base; Detroit 1 - Mississippi 1
BOTTOM OF THE 4TH
Mississippi Mockingbirds batting - Pitching for Detroit Elite : RHP Carl MacPherson
Batting: LHB Seb Blanch 0-0: Ball
1-0: Ball
2-0: Called Strike
2-1: Called Strike
2-2: Foul Ball, location: 2F
2-2: Ball
3-2: Base on Balls
Batting: RHB Joël Pesci 0-0: Called Strike
0-1: Foul Ball, location: 2F
0-2: Ball
1-2: Ball
2-2: SINGLE (Groundball, 6MD, EV 103.1 MPH)
Seb Blanch to second
Batting: LHB Wu-shun Chu 0-0: Swinging Strike
0-1: Ball
1-1: Ball
2-1: Fielders Choice at 2nd, 1-6 (Groundball, P, EV 80.6 MPH)
Seb Blanch to third
Batting: RHB Jorge Muńóz 0-0: Ball
1-0: Ball
2-0: Swinging Strike
2-1: Grounds into double play, 4-6-3 (Groundball, 34, EV 106.2 MPH)
Bottom of the 4th over - 0 runs, 1 hit, 0 errors, 1 left on base; Detroit 1 - Mississippi 1
TOP OF THE 5TH
Detroit Elite batting - Pitching for Mississippi Mockingbirds : RHP Ernesto López
Batting: RHB Manuel Ramos 0-0: Called Strike
0-1: Ground out 6-3 (Groundball, 4M, EV 108.8 MPH)
Batting: RHB Amon-Ra St. Brown 0-0: Ball
1-0: Ball
2-0: Called Strike
2-1: Foul Ball, location: 2F
2-2: Ground out 6-3 (Groundball, 6, EV 95.0 MPH)
Batting: LHB Jack McCusker 0-0: Ball
1-0: Ground out U3 (Groundball, 3, EV 85.0 MPH)
Top of the 5th over - 0 runs, 0 hits, 0 errors, 0 left on base; Detroit 1 - Mississippi 1
BOTTOM OF THE 5TH
Mississippi Mockingbirds batting - Pitching for Detroit Elite : RHP Carl MacPherson
Batting: LHB Jesús Lazcano 0-0: Ball
1-0: Swinging Strike
1-1: Ball
2-1: Foul Ball, location: 2F
2-2: Fly out, F4 (Popup, 4M, EV 56.9 MPH)
Batting: RHB Yong-hong Ren 0-0: SINGLE (Groundball, 4MD, EV 105.6 MPH)
Batting: LHB Rylen Roersma 0-0: Ball
1-0: Called Strike
1-1: SINGLE (Line Drive, 34D, EV 102.5 MPH)
Yong-hong Ren to second
Batting: RHB Doug Allerdale 0-0: Called Strike
0-1: Fly out, F3 (Popup, 3SF, EV 86.9 MPH)
Batting: RHB Júlio Coronado 0-0: Called Strike
0-1: SINGLE (Line Drive, 56, EV 99.4 MPH)
Yong-hong Ren to third
Rylen Roersma to second
Runner from 3rd tries for Home, SAFE, no throw by LF
Batting: LHB Seb Blanch 0-0: Ball
1-0: Foul Ball, location: 2F
1-1: Ball
2-1: SINGLE (Groundball, 4D, EV 96.2 MPH)
Rylen Roersma to third
Júlio Coronado to second
Runner from 3rd tries for Home, SAFE, throw by CF to home
Batting: RHB Joël Pesci 0-0: Ball
1-0: Foul Ball, location: 2F
1-1: Swinging Strike
1-2: Foul Ball, location: 2F
1-2: Ball
2-2: Ball
3-2: Strikes out swinging
Bottom of the 5th over - 2 runs, 4 hits, 0 errors, 2 left on base; Detroit 1 - Mississippi 3
TOP OF THE 6TH
Detroit Elite batting - Pitching for Mississippi Mockingbirds : RHP Ernesto López
Now at 2B: Quinn Albracht
Batting: RHB Daryl Yandell 0-0: Ball
1-0: Foul Ball, location: 2F
1-1: Ball
2-1: Foul Ball, location: 2F
2-2: Ball
3-2: Fly out, F9 (Flyball, 89M, EV 93.8 MPH)
Batting: LHB Ashley Thachi 0-0: Ball
1-0: SINGLE (Groundball, 4MD, EV 105.6 MPH)
Batting: RHB Juan Amengual 0-0: Grounds into double play, 4-6-3 (Groundball, 4M, EV 107.5 MPH)
Top of the 6th over - 0 runs, 1 hit, 0 errors, 0 left on base; Detroit 1 - Mississippi 3
BOTTOM OF THE 6TH
Mississippi Mockingbirds batting - Pitching for Detroit Elite : RHP Carl MacPherson
Batting: LHB Wu-shun Chu 0-0: Foul Ball, location: 2F
0-1: Ball
1-1: Ball
2-1: Ball
3-1: Base on Balls
Batting: RHB Jorge Muńóz 0-0: Bunt missed!
0-1: Sac Bunt to 25 - play at first, batter OUT! 5-4
Wu-shun Chu to second
Batting: LHB Jesús Lazcano 0-0: Foul Ball, location: 2F
0-1: Fly out, F5 (Popup, 25F, EV 87.5 MPH)
Batting: RHB Yong-hong Ren 0-0: Called Strike
0-1: Ball
1-1: Ball
2-1: DOUBLE (Flyball, 89XD, EV 86.9 MPH)
Wu-shun Chu scores
Batting: RHB Quinn Albracht 0-0: Called Strike
0-1: Ball
1-1: Ball
2-1: Ball
3-1: Base on Balls
Batting: RHB Doug Allerdale 0-0: Ball
1-0: DOUBLE (Line Drive, 3D, EV 95.6 MPH)
Yong-hong Ren scores
Quinn Albracht to third
Runner from 3rd tries for Home, SAFE, no throw by RF
Pitching: RHP Jeffery Prosser
Batting: RHB Júlio Coronado 0-0: Ball
1-0: Ball
2-0: Ball
3-0: Base on Balls
Batting: LHB Seb Blanch 0-0: Swinging Strike
0-1: Ball
1-1: Ball
2-1: Foul Ball, location: 2F
2-2: Fly out, F7 (Flyball, 7LM, EV 103.8 MPH)
Bottom of the 6th over - 3 runs, 2 hits, 0 errors, 2 left on base; Detroit 1 - Mississippi 6
TOP OF THE 7TH
Detroit Elite batting - Pitching for Mississippi Mockingbirds : RHP Ernesto López
Batting: LHB Murray Sperber 0-0: Foul Ball, location: 2F
0-1: Ball
1-1: Ball
2-1: Ground out 4-3 (Groundball, 4, EV 104.4 MPH)
Batting: RHB Víctor Cuevas 0-0: Called Strike
0-1: Ball
1-1: Ground out 4-3 (Groundball, 4, EV 100.0 MPH)
Batting: RHB Dejmi Dumervil 0-0: Called Strike
0-1: Ball
1-1: Foul Ball, location: 2F
1-2: SINGLE (Line Drive, 9S, EV 90.6 MPH)
Pitching: RHP Bill Glenn
Batting: RHB Manuel Ramos 0-0: Ball
1-0: Ball
2-0: Ball
3-0: Called Strike
3-1: Ground out 1-3 (Groundball, 34S, EV 85.0 MPH)
Top of the 7th over - 0 runs, 1 hit, 0 errors, 1 left on base; Detroit 1 - Mississippi 6
BOTTOM OF THE 7TH
Mississippi Mockingbirds batting - Pitching for Detroit Elite : RHP Jeffery Prosser
Batting: RHB Joël Pesci 0-0: Ball
1-0: Called Strike
1-1: Ball
2-1: Foul Ball, location: 2F
2-2: Foul Ball, location: 2F
2-2: Ball
3-2: Foul Ball, location: 2F
3-2: Strikes out swinging
Batting: LHB Wu-shun Chu 0-0: Fly out, F7 (Flyball, 7S, EV 90.0 MPH)
Batting: RHB Jorge Muńóz 0-0: Ground out 5-3 (Groundball, 56S, EV 81.9 MPH)
Bottom of the 7th over - 0 runs, 0 hits, 0 errors, 0 left on base; Detroit 1 - Mississippi 6
TOP OF THE 8TH
Detroit Elite batting - Pitching for Mississippi Mockingbirds : RHP Bill Glenn
Batting: RHB Amon-Ra St. Brown 0-0: Ball
1-0: Foul Ball, location: 2F
1-1: Foul Ball, location: 2F
1-2: Ball
2-2: Ball
3-2: SINGLE (Line Drive, 89M, EV 93.1 MPH)
Batting: LHB Jack McCusker 0-0: DOUBLE (Flyball, 8RXD, EV 111.9 MPH)
Amon-Ra St. Brown to third
Batting: RHB Daryl Yandell 0-0: Called Strike
0-1: Ball
1-1: Ball
Wild Pitch!
Amon-Ra St. Brown scores
Jack McCusker to third
2-1: Ball
3-1: Swinging Strike
3-2: Base on Balls
Batting: LHB Ashley Thachi 0-0: Ball
1-0: Hit by Pitch
Daryl Yandell to second
Batting: RHB Juan Amengual 0-0: Ball
1-0: Called Strike
1-1: Called Strike
1-2: Strikes out swinging
Batting: LHB Murray Sperber 0-0: Ball
1-0: Grounds into fielders choice 2-2 (Groundball, 2L, EV 64.4 MPH)
Daryl Yandell to third
Ashley Thachi to second
Batting: RHB Víctor Cuevas 0-0: GRAND SLAM HOME RUN (Flyball, 7D, EV 92.5 MPH), Distance : 371 ft
Pitching: RHP Jeff Mahl
Batting: RHB Dejmi Dumervil 0-0: Called Strike
0-1: SINGLE (Flyball, 9S, EV 86.9 MPH)
Batting: RHB Manuel Ramos 0-0: Ball
1-0: Called Strike
1-1: Ball
2-1: Ball
3-1: Foul Ball, location: 2F
3-2: Foul Ball, location: 2F
3-2: Foul Ball, location: 2F
3-2: Reached on error, E9 (Flyball, 9D, EV 100.0 MPH)
Dejmi Dumervil to third
Batting: RHB Amon-Ra St. Brown 0-0: Called Strike
0-1: Ball
Wild Pitch!
Dejmi Dumervil scores
Manuel Ramos to third
1-1: Foul Ball, location: 2F
1-2: Ball
2-2: Foul Ball, location: 2F
2-2: Strikes out swinging
Top of the 8th over - 6 runs, 4 hits, 1 error, 1 left on base; Detroit 7 - Mississippi 6
BOTTOM OF THE 8TH
Mississippi Mockingbirds batting - Pitching for Detroit Elite : RHP Jeffery Prosser
Now in LF: Estanislao Hirigoyen
Batting: LHB Jesús Lazcano 0-0: Ball
1-0: Ball
2-0: Called Strike
2-1: SINGLE (Line Drive, 56, EV 97.5 MPH)
Pitching: LHP Héctor Cantú
Batting: RHB Yong-hong Ren 0-0: Called Strike
0-1: Ball
1-1: Foul Ball, location: 2F
1-2: Ground out 6-3 (Groundball, 56, EV 101.9 MPH)
Jesús Lazcano to second
Batting: RHB Quinn Albracht 0-0: Ball
1-0: Ground out 6-3 (Groundball, 6, EV 76.2 MPH)
Jesús Lazcano to third
Batting: RHB Doug Allerdale 0-0: 2-RUN HOME RUN (Flyball, 9D, EV 95.6 MPH), Distance : 350 ft
Batting: RHB Júlio Coronado 0-0: Ball
1-0: Ball
2-0: Ball
3-0: SOLO HOME RUN (Flyball, 7LD, EV 98.1 MPH), Distance : 345 ft
Batting: LHB Seb Blanch 0-0: Called Strike
0-1: Ball
1-1: Swinging Strike
1-2: Ball
2-2: Foul Ball, location: 2F
2-2: Strikes out swinging
Bottom of the 8th over - 3 runs, 3 hits, 0 errors, 0 left on base; Detroit 7 - Mississippi 9
TOP OF THE 9TH
Detroit Elite batting - Pitching for Mississippi Mockingbirds : RHP Jeff Mahl
Pitching: RHP Brewster Warble
Batting: LHB Jack McCusker 0-0: Ball
1-0: Called Strike
1-1: Foul Ball, location: 2F
1-2: Strikes out swinging
Batting: RHB Daryl Yandell 0-0: Ball
1-0: Ball
2-0: Ground out 5-3 (Groundball, 56S, EV 91.2 MPH)
Batting: LHB Ashley Thachi 0-0: Ground out 1-3 (Groundball, P, EV 95.0 MPH)
Top of the 9th over - 0 runs, 0 hits, 0 errors, 0 left on base; Detroit 7 - Mississippi 9
Friday, March 26th, 2021 - OOTP Baseball 20.8 Build 74